 Dungeon Crawl Stone Soup version 0.23.2-1-ga50397a (webtiles) character file.

Game seed: 7233157076839812205

90 Kairos the Ruffian (level 4, -6/40 HPs)
             Began as a Ghoul Monk on Apr 24, 2019.
             Was a Follower of Uskayaw.
             Mangled by a hobgoblin
             ... wielding a +0 club
             ... led by Robin
              (8 damage)
             ... on level 3 of the Dungeon.
             The game lasted 00:02:46 (1801 turns).

Kairos the Ruffian (Ghoul Monk)                     Turns: 1801, Time: 00:02:46

Health: -6/40      AC:  3    Str: 15    XL:     4   Next: 56%
Magic:  3/3        EV: 12    Int:  5    God:    Uskayaw [*.....]
Gold:   52         SH:  0    Dex: 11    Spells: 3/3 levels left

rFire    . . .     SeeInvis .     - Unarmed
rCold    + . .     Gourm    .   (no shield)
rNeg     + + +     Faith    .   c - +0 leather armour (curse)
rPois    ∞         Spirit   .   (no helmet)
rElec    .         Reflect  .   (no cloak)
rCorr    .         Harm     .   (no gloves)
MR       .....                  (no boots)
Stlth    ++........             (no amulet)
HPRegen  0.00/turn              (no ring)
MPRegen  0.08/turn              (no ring)

@: rotting
A: rotting body, claws 1, carnivore, cold resistance 1, negative energy
resistance 3, inhibited regeneration, torment resistance, unbreathing
a: Stomp, Renounce Religion


You were on level 3 of the Dungeon.
You worshipped Uskayaw.
Uskayaw was noncommittal.
You were not hungry.

You visited 1 branch of the dungeon, and saw 3 of its levels.

You collected 52 gold pieces.

Inventory:

Armour
 a - a +1 robe
 c - a cursed +0 leather armour (worn)
Scrolls
 e - a scroll of enchant armour
 f - 2 scrolls of enchant weapon
 i - a scroll of teleportation {unknown}
 m - a scroll of noise {unknown}
Potions
 d - 3 potions of curing
 g - a potion of mutation {unknown}
 h - a potion of cancellation {unknown}
 j - a potion of degeneration {unknown}
 k - a potion of flight {unknown}
 l - a potion of might {unknown}
 n - a potion of agility {unknown}
Comestibles
 b - 6 rations


   Skills:
 + Level 3.7 Fighting
 + Level 3.1 Dodging
 + Level 2.9 Stealth
 + Level 4.7 Unarmed Combat


You had 3 spell levels left.
You didn't know any spells.
Your spell library was empty.

Dungeon Overview and Level Annotations

Branches:
Dungeon (3/15)

Altars:
Gozag
Ru
Uskayaw
Vehumet
Zin

Annotations:
D:3 Robin


Innate Abilities, Weirdness & Mutations

Your body is rotting away.
You thrive on raw meat.
You are immune to poison.
You have sharp fingernails.
You are carnivorous and can eat meat at any time.
Your flesh is cold resistant. (rC+)
You are immune to negative energy. (rN+++)
You do not regenerate when monsters are visible.
You are immune to unholy pain and torment.
You can survive without breathing.


Message History

You are too injured to fight recklessly!
You are too injured to fight recklessly!
You closely miss the goblin.
The goblin unwields a +0 dagger.
The goblin wields a +0 hunting sling.
The goblin shoots a stone.
The stone hits you.
* * * LOW HITPOINT WARNING * * *
You see here a stone.
The hobgoblin no longer looks unusually strong.
The goblin shoots a stone.
The stone barely misses you.
You see here a stone.
The hobgoblin no longer looks unusually strong.
You see here a purple potion.
The goblin hits you with a +0 club.
* * * LOW HITPOINT WARNING * * *
The goblin no longer looks unusually strong.
The goblin misses you.
Robin roars a battlecry!
The goblins go into a battle-frenzy!
The hobgoblin hits you with a +0 club!
You die...

#......# #......#
#......# ####......#
#.........# ###
#..(......####!#
#........##g.g.#
#.........#(#g.# #
#.........(g..@# ##.
#.......#g###.......#
#.....).g.# ##.#.####
#.......### #....!#
######)#######)..####
#>...h.g!g........
.........bg.g).......
#.....#########.#.####
#..... .# #


You could see Robin, 2 hobgoblins and 2 goblins.

Vanquished Creatures
  An adder (D:2)
  2 worms (D:2)
  A dart slug (D:1)
  A leopard gecko (D:1)
  5 giant cockroaches
  13 goblins
  7 hobgoblins
  7 jackals
  2 ball pythons (D:1)
  10 bats
  A frilled lizard (D:1)
  10 kobolds
  3 rats
63 creatures vanquished.

Notes
Turn   | Place    | Note
-------+----------+-------------------------------------------
     0 | D:1      | Kairos the Ghoul Monk began the quest for the Orb.
     0 | D:1      | Reached XP level 1. HP: 19/19 MP: 0/0
   185 | D:1      | Reached XP level 2. HP: 25/26 MP: 1/1
   681 | D:1      | Reached XP level 3. HP: 21/31 MP: 2/2
   895 | D:2      | Found a hide-covered altar of Uskayaw.
   906 | D:2      | Became a worshipper of Uskayaw the Reveler
   906 | D:2      | Reached * piety under Uskayaw
   944 | D:2      | Reached ** piety under Uskayaw
   973 | D:2      | Reached skill level 4 in Unarmed Combat
   981 | D:2      | Reached *** piety under Uskayaw
  1201 | D:2      | Reached XP level 4. HP: 15/40 MP: 3/3
  1445 | D:2      | Found a glowing silver altar of Zin.
  1445 | D:2      | Found a sacrificial altar of Ru.
  1445 | D:2      | Found an opulent altar of Gozag.
  1446 | D:2      | Found a radiant altar of Vehumet.
  1758 | D:3      | Noticed Robin
  1799 | D:3      | HP: 2/40 [goblin/+0 club[Robin] (3)]
  1801 | D:3      | Mangled by a hobgoblin

Skill      XL: |  1  2  3 |
---------------+----------+-----
Dodging        | 3 |  3.1
Unarmed Combat | 4 |  4.7
Fighting       | |  3.7
Stealth        | |  2.9

Action                   |  1- 3 |  4- 6 || total
-------------------------+-------+-------++-------
Melee: Unarmed           |   115 |    49 ||   164
       Punch             |     2 |     1 ||     3
  Use: Potion            |     2 |       ||     2
       Scroll            |     1 |     2 ||     3
 Stab: Sleeping          |     7 |     1 ||     8
  Eat: Chunk             |     9 |     2 ||    11
Armor: Robe              |    11 |     3 ||    14
       Leather armour    |       |     9 ||     9
Dodge: Dodged            |    72 |    52 ||   124
